 Dungeon Crawl Stone Soup version 0.31-a0-744-gbc345e7fcb (webtiles) character file.

Game seed: 5627260482530779375

9 cforsyth the Sneak (level 2, -2/25 HPs)
             Began as a Djinni Delver on Sept 14, 2023.
             Slain by a black bear (7 damage)
             ... on level 4 of the Dungeon.
             The game lasted 00:00:22 (72 turns).

cforsyth the Sneak (Djinni Delver)                    Turns: 72, Time: 00:00:23

Health: -2/25      AC:  3    Str: 11    XL:     2   Next: 25%
Gold:   11         EV: 12    Int: 11    God:
                   SH:  0    Dex: 14

rFire   + + .        a - +0 falchion
rCold   x . .        (no shield)
rNeg    . . .        b - +0 leather armour
rPois   ∞            (no helmet)
rElec   .            (no cloak)
rCorr   .            (no gloves)
SInv    .            (boots unavailable)
Will    .....        (no amulet)
Stlth   ++           (no ring)
HPRegen 0.24/turn    (no ring)
MPRegen 0.00/turn

%: infuse magic (-3 HP)
@: flying
A: sickness immunity, fire resistance 2, cold vulnerability 1, float, innate
caster, HP casting, extra vitality 1
a: no special abilities


You were on level 4 of the Dungeon.
You visited 1 branch of the dungeon, and saw 2 of its levels.

You collected 11 gold pieces.

Inventory:

Hand Weapons
 a - a +0 falchion (weapon)
Armour
 b - a +0 leather armour (worn)
Wands
 g - a wand of digging (3)
Scrolls
 c - a scroll of fog
 d - a scroll of revelation
 e - a scroll of fear
 i - a scroll of immolation {unknown}
 j - a scroll of teleportation {unknown}
Potions
 f - a potion of haste
 h - a potion of mutation {unknown}


   Skills:
 + Level 3.3 Fighting
 - Level 1.7 Long Blades
 - Level 2.1 Dodging
 - Level 4.1 Stealth
 + Level 0.7 Spellcasting
 + Level 0.7 Conjurations
 + Level 0.7 Hexes
   Level 0.0 Charms
 + Level 0.7 Summonings
 + Level 0.7 Necromancy
 + Level 0.7 Translocations
 + Level 0.7 Transmutations
 + Level 0.7 Fire Magic
 + Level 0.7 Ice Magic
 + Level 0.7 Air Magic
 + Level 0.7 Earth Magic
 + Level 0.7 Poison Magic You didn't know any spells. Your spell library was empty.

Dungeon Overview and Level Annotations

Branches:
Dungeon (5/15)
 Temple: D:4-7

Altars:


Innate Abilities, Weirdness & Mutations

You are immune to sickness and miasma.
You are immune to poison.
Your flesh is very heat resistant. (rF++)
You are vulnerable to cold. (rC-)
You float through the air rather than walking.
You learn spells naturally, not from books.
Your magical power is your life essence.
You have superior vitality. (+4 MHP)


Message History

The adder misses you.
You hit the adder.
You kill the adder!
You have reached level 2!
You see here an adder corpse.
Found a stone staircase leading down.
A black bear comes into view.
Found a flail.
The black bear growls angrily.
You see here an adder corpse.
There is a stone staircase leading down here.
There is a stone staircase leading down here.
You hit the black bear.
The black bear is lightly wounded.
The black bear bites you but does no damage.
The black bear claws you. x2; The black bear completely misses you.
The black bear misses you. The black bear claws you.
You hit the black bear.
The black bear is moderately wounded.
The black bear bites you! The black bear barely misses you. x2
You closely miss the black bear.
The black bear is moderately wounded.
The black bear completely misses you. The black bear claws you. x2
You are too injured to fight recklessly!
You are too injured to fight recklessly!
You are too injured to fight recklessly!
You are too injured to fight recklessly!
You are too injured to fight recklessly!
You are too injured to fight recklessly!
You are too injured to fight recklessly!
You are too injured to fight recklessly!
You hit the black bear.
The black bear is heavily wounded.
The black bear bites you.
* * * LOW HITPOINT WARNING * * *
The black bear closely misses you. The black bear barely misses you.
You hit the black bear.
The black bear is heavily wounded.
The black bear bites you!
You die...

##########
#........######.
#....@........
#.####h#######
#......>..h..#
#..###.#.....## #
#..#.##..##
#.##.##.#†#
.......#.#.#
###.###.#.#.#####..
##. #...........#


You could see a black bear.

Vanquished Creatures
  An adder (D:4)
1 creature vanquished.

Notes
Turn   | Place    | Note
-------+----------+-------------------------------------------
     0 | D:5      | cforsyth the Djinni Delver began the quest for the Orb.
     0 | D:5      | Reached XP level 1. HP: 20/20 MP: 0/0
    42 | D:4      | Reached XP level 2. HP: 25/25 MP: 0/0
    50 | D:4      | Noticed a black bear
    72 | D:4      | Slain by a black bear

Illustrated notes

Levels and vault maps discovered:
D:4:      layout_loops_ring, grunt_temple_overflow_open,
          minmay_temple_entry_slanted
D:5:      layout_basic, nicolae_overflow_crystal_walls, kennysheep_mini,
          grunt_temple_overflow_opulence, serial_curves, eino_curves_03,
          eino_curves_01, eino_curves_04, eino_curves_02, serial_shops, shop,
          minmay_fractal_squares_diagonal_5

Action                     || total
---------------------------++-------
  Melee: Falchion          ||    14
 Armour: Leather armour    ||    12
  Dodge: Dodged            ||    17

Table legend: (Time is in decaauts)
 A = Elapsed time spent in this place.
 B = Non-inter-level travel time spent in this place.
 C = Inter-level travel time spent in this place.
 D = Time resting spent in this place.
 E = Time spent auto-exploring this place.
 F = Levels seen in this place.
 G = Mean time per level.
                   A        B        C        D        E       F      G
               +--------+--------+--------+--------+--------+-----+--------+
         Total |     74 |     74 |      0 |      0 |     22 |   2 |   37.0 |
       Dungeon |     74 |     74 |      0 |      0 |     22 |   2 |   37.0 |
               +--------+--------+--------+--------+--------+-----+--------+

Top non-repeatable levels by time:
     D:4: 55 daAuts
     D:5: 19 daAuts
